 Dungeon Crawl Stone Soup version 0.18-a0-1575-g920359c (webtiles) character file.

368515 4thArraOfDagon the Executioner (level 21, -2/195 (198) HPs)
             Began as a Minotaur Abyssal Knight on Mar 16, 2016.
             Was the Champion of the Shining One.
             Slain by a greater mummy (17 damage)
             ... on level 3 of the Tomb of the Ancients.
             The game lasted 02:19:23 (23521 turns).

4thArraOfDagon the Executioner (MiAK)              Turns: 23521, Time: 02:19:37

HP:   -2/195 (198)  AC: 35    Str: 27    XL:     21   Next: 29%
MP:   19/29         EV: 11    Int: 23    God:    the Shining One [******]
Gold: 2607          SH:  0    Dex: 11    Spells: 5 memorised, 14 levels left

rFire  . . .     SeeInvis +     y - +9 battleaxe (holy)
rCold  . . .     Gourm    .     W - +6 chain mail of the Albatross {Regen+ Str+2 SInv}
rNeg   + + +     Faith    .     (shield currently unavailable)
rPois  +         Spirit   .     (helmet restricted)
rElec  +         Dismiss  .     E - +2 cloak {+Inv}
rCorr  +         Reflect  .     A - +2 pair of gloves {Dex+3}
SustAt +         Harm     .     Q - +2 pair of boots {run}
MR     ++++.                    O - amulet "Umifucir" {RegenMP Str+4 Int+5}
Stlth  ..........               j - ring of Iczinlon {SustAt +Inv MR+++ Dex-4 SInv}
                                G - ring "Owesamep" {rCorr rElec rPois Int+3}

@: slowed, glowing, very slow, incredibly resistant to hostile enchantments,
extremely unstealthy
A: retaliatory headbutt, horns 2, repulsion field 1, thin metallic scales 2,
clever 1, electricity resistance, sturdy frame 1
a: Divine Shield, Cleansing Flame, Summon Divine Warrior, Renounce Religion,
Evoke Invisibility
}: 3/15 runes: decaying, slimy, gossamer


You were on level 3 of the Tomb of the Ancients.
You worshipped the Shining One.
The Shining One was exalted by your worship.
You were not hungry.

You visited 10 branches of the dungeon, and saw 51 of its levels.
You visited the Abyss 4 times.
You visited 1 bazaar.
You also visited: Sewer, Ice Cave, Volcano and Wizlab.

You collected 4927 gold pieces.
You spent 2320 gold pieces at shops.

Inventory:

Hand Weapons
 y - a +9 battleaxe of holy wrath (weapon)
Missiles
 T - a throwing net (quivered)
Armour
 A - a +2 pair of gloves of dexterity (worn)
 E - a +2 cloak of invisibility (worn)
 Q - a +2 pair of boots of running (worn)
 W - the +6 chain mail of the Albatross (worn) {Regen+ Str+2 SInv}
   (You found it on level 3 of the Elven Halls)

   It affects your strength (+2).
   It lets you see invisible.
   It increases your rate of regeneration.
Rods
 l - a +4 iron rod (11/11)
   (You found it on level 3 of the Elven Halls)
Jewellery
 j - the ring of Iczinlon (right hand) {SustAt +Inv MR+++ Dex-4 SInv}
   (You found it on level 6 of the Pits of Slime)

   [ring of sustain attributes]

   It sustains your strength, intelligence and dexterity.
   It affects your dexterity (-4).
   It affects your resistance to hostile enchantments.
   It lets you see invisible.
   It lets you turn invisible.
 G - the ring "Owesamep" (left hand) {rCorr rElec rPois Int+3}
   (You found it on level 3 of the Elven Halls)

   [ring of resist corrosion]

   It affects your intelligence (+3).
   It insulates you from electricity.
   It protects you from poison.
 H - an uncursed ring of flight {unknown}
 O - the amulet "Umifucir" (around neck) {RegenMP Str+4 Int+5}
   (You found it on level 4 of the Spider Nest)

   [amulet of magic regeneration]

   It increases your magic regeneration.
   It affects your strength (+4).
   It affects your intelligence (+5).
 P - the ring of Peppies {rPois rN+ Str+4 Int-4 Stlth+}
   (You found it on level 3 of the Elven Halls)

   [ring of poison resistance]

   It affects your strength (+4).
   It affects your intelligence (-4).
   It protects you from poison.
   It protects you from negative energy.
   It makes you more stealthy.
 V - the amulet "Xitothi" {RegenMP rN+ Dex+5}
   (You found it on level 6 of the Pits of Slime)

   [amulet of magic regeneration]

   It increases your magic regeneration.
   It affects your dexterity (+5).
   It protects you from negative energy.
 Y - an uncursed ring of protection from cold
Wands
 h - a wand of hasting (1/9)
 m - a wand of hasting (5/9)
 o - a wand of hasting (4/9)
 r - a wand of teleportation (2/9)
 s - a wand of digging (6/24)
 D - a wand of disintegration (9/24)
Scrolls
 a - 9 scrolls of remove curse
 b - 3 scrolls of blinking
 f - 7 scrolls of enchant armour
 g - a scroll of summoning
 k - 4 scrolls of fog
 p - 3 scrolls of fear
 q - 7 scrolls of teleportation
 w - 2 scrolls of magic mapping
 z - 7 scrolls of recharging
 C - 2 scrolls of holy word
 F - a scroll of enchant weapon
Potions
 i - 10 potions of curing
 n - 4 potions of berserk rage
 u - 8 potions of ambrosia
 x - 5 potions of brilliance
 I - 6 potions of might
 J - 4 potions of cancellation
 M - a potion of magic
 N - 3 potions of resistance
 R - 3 potions of heal wounds
 U - 2 potions of cure mutation
 X - 3 potions of flight
Miscellaneous
 e - an ornate deck of summoning {drawn: 5}
 v - a plain deck of summoning {Repulsiveness}
 B - 3 phantom mirrors
 L - a fan of gales
 S - a fan of gales
 Z - a box of beasts
Comestibles
 c - 13 bread rations
 t - 25 meat rations
 K - 25 fruits


   Skills:
 + Level 19.1 Fighting
 * Level 25.6 Axes
 + Level 19.2 Armour
 + Level 11.7 Dodging
 - Level 2.7 Spellcasting
 * Level 2.4 Charms
 - Level 5.0 Translocations
 * Level 2.8 Air Magic
 - Level 13.2 Invocations
 - Level 4.0 Evocations


You had 14 spell levels left.
You knew the following spells:

 Your Spells              Type           Power        Failure   Level  Hunger
a - Cure Poison           Pois           #.........   43%         2    ##.....
b - Apportation           Tloc           ####......   3%          1    None
c - Passage of Golubria   Tloc           N/A          38%         4    ####...
d - Repel Missiles        Chrm/Air       ###...       17%         2    ##.....
e - Swiftness             Chrm/Air       ###.....     17%         2    ##.....


Dungeon Overview and Level Annotations

Branches:
Dungeon (15/15)            Temple (0/1) D:6            Lair (8/8) D:8
  Swamp (4/4) Lair:4       Spider (4/4) Lair:6        Slime (6/6) Lair:6
    Orc (2/2) D:9             Elf (3/3) Orc:2        Vaults (3/5) D:13
  Crypt (3/3) Vaults:2       Tomb (3/3) Crypt:3      Depths (0/5) D:15

Altars:
Dithmenos
Elyvilon
Fedhas
Makhleb
Pakellas
Sif Muna
Xom
Yredelemnul
Zin
The Shining One
Beogh

Shops:
D:13 %   Orc:2 **%}   Elf:3 ([   Vaults:2 (

Portals:
Hell: Lair:8

Annotations:
D:12 corrupted
D:14 corrupted
Lair:4 exclusion: 4 oklob plants
Lair:5 exclusion: upstairs
Elf:1 exclusion: orange crystal statue
Elf:3 corrupted
Vaults:2 Mennas
Crypt:1 Margery, Xtahua


Innate Abilities, Weirdness & Mutations

You reflexively headbutt those who attack you in melee.
You have a pair of horns on your head.
You are surrounded by a mild repulsion field (EV +2).
You are mostly covered in thin metallic scales (AC +3).
Your mind is acute. (Int +2)
You are resistant to electric shocks.
Your movements are slightly less encumbered by armour (ER -2).


Message History

The emperor scorpion convulses! x6; Your body is wracked with pain!
* * * LOW HITPOINT WARNING * * *
The greater mummy casts a spell at you. Something smites you!
* * * LOW HITPOINT WARNING * * *
The soul eater barely misses you.
The jiangshi claws you but does no damage.
The jiangshi claws you!
* * * LOW HITPOINT WARNING * * *
You hear a distant "Zot"!
A greater mummy and a flying skull come into view.
Unknown command.
Unknown command.
The death scarab twitches its antennae in your direction.
You hear a distant blaring wail to the southwest.
The jiangshi claws you! The Shining One protects you from harm!
The jiangshi claws you but does no damage.
The greater mummy hits you!
You die...

########
#.B3@..#
#.§ZMV.#
#.§sZsZ#
#§B.zMM#
#M§MMs4#
#§..s..#


#MMMzss# #.MMz.4# #§§§§§§# You could see 6 greater mummies, 6 emperor scorpions,
a mummy priest, a jiangshi, a soul eater, a hellwing, 4 guardian mummies, a rust
devil, a spectral ettin, 2 death scarabs, 2 flying skulls, a wight, an emperor
scorpion zombie and a stone giant skeleton.

Vanquished Creatures
  the Royal Jelly (Slime:6)
  Dissolution (Slime:4)
  An ancient lich (Crypt:3)
  A greater mummy (Tomb:2)
  2 bone dragons
  3 liches
  16 acid blobs
  8 sphinxes (Tomb:1)
  An ancient champion (Tomb:3)
  2 tentacled starspawn
  Frances (Spider:1)
  A revenant (Tomb:1)
  3 azure jellies (Slime:6)
  4 deep elf sorcerers
  Maud (D:13)
  A vault warden (Vaults:2)
  3 ghost moths (Spider:4)
  Aizul (Swamp:2)
  2 curse skulls
  2 emperor scorpions (Spider:4)
  4 ironheart preservers
  4 war gargoyles (Crypt:3)
  A ghoul (Crypt:3)
  A stone giant (Vaults:2)
  A deep elf demonologist (Elf:1)
  2 dire elephants (Lair:8)
  2 deep elf annihilators (Elf:3)
  Azrael (Elf:1)
  2 vampire knights (Crypt:3)
  11 purple draconians (WizLab)
  A bennu (Tomb:1)
  3 spark wasps (Spider:4)
  3 vault guards (D:13)
  An eidolon (Crypt:1)
  3 crystal guardians (Crypt:3)
  2 deep elf death magi
  6 mummy priests
  2 statues (WizLab)
  4 death oozes
  7 great orbs of eyes
  5 yaktaur captains
  4 ghost crabs
  A catoblepas (Lair:5)
  3 centaur warriors
  3 ice dragons
  Erica (Orc:1)
  13 hydras
  4 ogre magi
  2 alligators
  11 dancing weapons
  2 death knights (Vaults:2)
  4 death yaks (Lair:7)
  A vampire mage (Vaults:2)
  2 deep troll shamans (Vaults:1)
  5 orc high priests (Orc:2)
  2 tengu warriors (D:15)
  Urug (Orc:1)
  3 thrashing horrors
  A soul eater (Crypt:2)
  A sun demon (Lair:8)
  A spriggan (Swamp:1)
  4 wretched stars
  9 deep elf knights
  22 skeletal warriors
  6 hell knights (Crypt:3)
  A golden dragon zombie (Crypt:3)
  A shadow wraith (Vaults:2)
  An anaconda zombie (Crypt:3)
  27 death scarabs
  2 deep trolls
  7 starcursed masses
  3 unseen horrors
  2 swamp dragons
  An unseen horror (shapeshifter) (Vaults:1)
  5 hill giants
  9 deep elf archers
  A flayed ghost (Crypt:2)
  An anaconda skeleton (Crypt:3)
  A death drake (Swamp:4)
  3 golden dragon skeletons
  4 spectral hydras (Swamp:4)
  4 phantasmal warriors
  A harpy (shapeshifter) (Vaults:3)
  8 orc knights
  3 wizards
  6 necromancers (Crypt:3)
  7 orb spiders
  2 griffons
  4 anubis guards
  An ugly thing (Vaults:1)
  An iron dragon zombie (Crypt:3)
  2 orc sorcerers (Orc:2)
  21 wolf spiders
  55 deep elf magi
  A frost giant zombie (Crypt:3)
  A shining eye (Slime:6)
  A sixfirhy (Lair:8)
  A moth of wrath (Spider:4)
  4 hornets
  5 cyclopes
  A stone giant zombie (Crypt:3)
  2 vault sentinels
  3 centaur zombies
  5 black mambas
  3 ice statues
  2 eyes of devastation
  2 molten gargoyles (Volcano)
  5 elephants (Lair:4)
  A smoke demon (Volcano)
  16 spiny frogs
  3 torpor snails
  A gargoyle (D:13)
  8 demonic crawlers
  6 komodo dragons
  3 orange demons (Lair:8)
  A rime drake (Lair:3)
  13 ice devils
  3 freezing wraiths
  A hellwing (Lair:8)
  12 yaktaurs
  4 swamp worm zombies (Swamp:4)
  2 ancient zymes (Tomb:2)
  19 guardian mummies
  2 red devils
  3 polar bears
  3 hydra zombies
  17 jumping spiders
  A merfolk (Elf:3)
  4 trolls
  6 giant leeches
  A tengu conjurer (D:13)
  A two-headed ogre (shapeshifter) (Vaults:2)
  10 two-headed ogres
  13 blink frogs
  A spectral swamp dragon (Swamp:4)
  An ushabti (Tomb:1)
  A raiju (shapeshifter) (Vaults:2)
  A fire dragon zombie (Crypt:3)
  61 slime creatures
  4 alligator zombies (Swamp:4)
  An ice dragon zombie (Crypt:3)
  3 bog bodies (Swamp:4)
  An ettin skeleton (Tomb:1)
  6 boulder beetles
  A human simulacrum (Vaults:2)
  An air elemental (Elf:1)
  25 flying skulls
  5 water elementals
  An alligator skeleton (Crypt:3)
  An ice dragon skeleton (Tomb:1)
  3 shadows
  51 redbacks
  14 tarantellas
  A fire bat (Volcano)
  5 wraiths
  A hungry ghost (D:12)
  31 yaks
  A human (D:13)
  4 wyverns
  3 fire elementals (Elf:1)
  A hog (shapeshifter) (Elf:1)
  8 golden eyes (Slime:2)
  2 basilisks
  9 hippogriffs
  Menkaure (D:7)
  11 swamp worms
  A mottled dragon (Vaults:2)
  13 vampire mosquitoes
  2 wargs
  8 insubstantial wisps (Swamp:4)
  18 water moccasins
  5 small abominations
  6 hell hounds
  3 large abominations
  11 porcupines
  A swamp drake (Swamp:2)
  2 sky beasts
  10 ice beasts
  34 orc warriors
  A black bear (Lair:4)
  A snapping turtle zombie (Crypt:3)
  6 swamp dragon zombies (Swamp:4)
  4 wasps
  9 phantoms
  4 necrophages
  A blink frog zombie (Crypt:1)
  7 eyes of draining
  18 ogres
  12 wolves
  20 centaurs
  17 crocodiles
  7 big kobolds
  16 giant frogs
  2 earth elementals (Elf:1)
  A scorpion (D:4)
  3 wyvern skeletons
  21 killer bees
  An electric eel (D:15)
  5 wights (D:8)
  4 howler monkeys
  13 jellies
  4 crimson imps
  2 giant frog zombies
  2 giant frog skeletons
  3 hounds
  A human zombie (Tomb:1)
  2 quasits
  25 orc priests
  6 centaur skeletons
  7 iguanas
  A spectral swamp drake (Swamp:4)
  16 orc wizards
  4 hell rats (Lair:5)
  2 worker ants
  10 sheep
  A crocodile zombie (Crypt:2)
  A hound zombie (D:11)
  A hound skeleton (D:7)
  8 mummies
  A worker ant zombie (D:10)
  A howler monkey zombie (D:9)
  4 gnolls (D:9)
  2 howler monkey skeletons
  2 swamp drake zombies (Swamp:4)
  13 adders
  44 river rats
  3 shadow imps
  4 white imps (Lair:3)
  10 oozes (Sewer)
  11 worms
  4 dart slugs
  12 giant geckos
  75 orcs
  13 giant cockroaches
  5 goblins
  8 hobgoblins
  4 jackals (D:4)
  3 quokkas
  13 ball pythons (Sewer)
  3 bats
  13 giant newts
  21 kobolds
  13 rats
  4 fungi
  6 plants
  A starspawn tentacle (Tomb:2)
1537 creatures vanquished.

Vanquished Creatures (collateral kills)
  A tentacled starspawn (Tomb:2)
  An azure jelly (Slime:6)
  2 bennus (Tomb:2)
  A guardian mummy (Tomb:2)
5 creatures vanquished.

Vanquished Creatures (others)
  Rupert (D:12)
  2 deep elf master archers (Elf:3)
  2 deep elf blademasters (Elf:3)
  4 deep elf sorcerers (Elf:3)
  An emperor scorpion (Spider:4)
  5 deep elf elementalists (Elf:3)
  5 deep elf demonologists (Elf:3)
  5 deep elf annihilators (Elf:3)
  4 deep elf death magi (Elf:3)
  A fire dragon (D:15)
  3 deep elf high priests (Elf:3)
  A hydra (D:12)
  A quicksilver dragon skeleton (Tomb:2)
  A centaur warrior (D:13)
  2 deep elf knights (Elf:3)
  A fire crab (Lair:8)
  An unseen horror (D:15)
  7 death scarabs
  4 deep elf archers (Elf:3)
  A necromancer (IceCv)
  7 deep elf magi (Elf:3)
  An orc knight (Orc:2)
  3 orb spiders
  2 shining eyes (Slime:1)
  2 ice statues (IceCv)
  A spiny frog (Lair:8)
  A small abomination (Elf:3)
  3 freezing wraiths
  7 flying skulls
  2 redbacks
  A water elemental (Elf:3)
  A yak (Lair:8)
  A steam dragon (D:12)
  A vampire mosquito (Elf:3)
  A water moccasin (Lair:8)
  An orc warrior (D:12)
  An ogre (D:4)
  A necrophage (Crypt:3)
  A draconian simulacrum (IceCv)
  An orc priest (D:12)
  An iguana (D:12)
  4 troll simulacra (IceCv)
  A centaur simulacrum (IceCv)
  A mummy (Tomb:2)
  2 naga simulacra (IceCv)
  2 ogre simulacra (IceCv)
  An orc (D:12)
  6 crawling corpses (Elf:3)
  4 fungi
  6 lost souls (Crypt:3)
  2 plants
  49 starspawn tentacles
  351 starspawn tentacle segments
521 creatures vanquished.

Grand Total: 2063 creatures vanquished

Notes
Turn   | Place    | Note
--------------------------------------------------------------
     0 | Abyss:1  | 4thArraOfDagon the Minotaur Abyssal Knight began the quest for the Orb.
     0 | Abyss:1  | Reached XP level 1. HP: 19/19 MP: 1/1
    33 | Abyss:1  | Noticed a hellwing
    37 | Abyss:1  | Noticed a fire giant skeleton
    46 | D:1      | Escaped the Abyss
    65 | D:1      | Reached * piety under Lugonu
    88 | D:1      | Reached XP level 2. HP: 20/27 MP: 2/2
   451 | D:2      | Reached XP level 3. HP: 12/33 MP: 3/3
   641 | D:2      | Reached skill level 3 in Axes
   678 | D:2      | Found a blossoming altar of Fedhas.
   751 | D:2      | meh time to win this :(
   766 | D:2      | Reached ** piety under Lugonu
  1000 | D:3      | Found a glowing drain.
  1005 | Sewer    | Entered a sewer
  1010 | Sewer    | Reached XP level 4. HP: 40/40 MP: 4/4
  1158 | Sewer    | Reached XP level 5. HP: 13/46 MP: 6/6
  1234 | Sewer    | Reached skill level 4 in Axes
  1299 | Sewer    | Reached *** piety under Lugonu
  1384 | Sewer    | Reached XP level 6. HP: 45/55 MP: 7/7
  1606 | D:3      | Reached skill level 5 in Fighting
  1759 | D:4      | Reached skill level 5 in Axes
  1846 | D:4      | Reached XP level 7. HP: 5/61 MP: 8/8
  1974 | D:5      | Entered Level 5 of the Dungeon
  1980 | D:5      | Found an oddly glowing altar of Pakellas.
  2050 | D:4      | Found a deep blue altar of Sif Muna.
  2392 | D:5      | Got a warped falchion
  2446 | D:5      | Reached skill level 6 in Axes
  2446 | D:5      | Reached skill level 5 in Armour
  2446 | D:5      | Reached XP level 8. HP: 57/70 MP: 8/10
  2447 | D:5      | Identified the +1 falchion "Petoni" {antimagic, *Noise Str+7 Dex+3} (You found it on level 5 of the Dungeon)
  2470 | D:5      | Found a glowing golden altar of the Shining One.
  2471 | D:5      | Found a shadowy altar of Dithmenos.
  2522 | D:6      | Reached **** piety under Lugonu
  2548 | D:6      | Found a staircase to the Ecumenical Temple.
  2573 | D:6      | Reached skill level 7 in Axes
  2810 | D:7      | Found a white marble altar of Elyvilon.
  2914 | D:6      | Found a shimmering altar of Xom.
  2915 | D:6      | Found a glowing silver altar of Zin.
  2915 | D:6      | Noticed an angel
  3086 | D:7      | Noticed Menkaure
  3119 | D:7      | Reached skill level 5 in Dodging
  3127 | D:7      | Killed Menkaure
  3313 | D:7      | Reached skill level 5 in Invocations
  3422 | D:8      | Reached skill level 8 in Axes
  3506 | D:8      | Reached XP level 9. HP: 73/78 MP: 11/11
  3777 | D:8      | Reached skill level 9 in Axes
  3954 | D:8      | Noticed a two-headed hydra
  3959 | D:8      | Killed a one-headed hydra
  3959 | D:8      | Reached skill level 10 in Axes
  4314 | D:8      | Gained mutation: You are partially covered in thin metallic scales (AC +2). [mutagenic meat]
  4315 | D:8      | Gained mutation: You are mostly covered in thin metallic scales (AC +3). [mutagenic meat]
  4316 | D:8      | Gained mutation: You are surrounded by a mild repulsion field (EV +2). [mutagenic meat]
  4317 | D:8      | Gained mutation: Your spells are a little harder to cast, but a little more powerful. [mutagenic meat]
  4318 | D:8      | Gained mutation: Your movements are slightly less encumbered by armour (ER -2). [mutagenic meat]
  4333 | D:8      | Reached XP level 10. HP: 86/88 MP: 13/13
  4443 | D:9      | Reached ***** piety under Lugonu
  4527 | D:9      | Found a staircase to the Orcish Mines.
  4675 | D:10     | Entered Level 10 of the Dungeon
  4757 | D:10     | Killed an unseen horror
  4804 | D:10     | Reached skill level 11 in Axes
  4940 | D:10     | Learned a level 2 spell: Cure Poison
  5176 | D:11     | Killed an unseen horror
  5300 | D:11     | Noticed a hill giant
  5325 | D:11     | Killed a hill giant
  5325 | D:11     | Reached XP level 11. HP: 41/95 MP: 15/15
  5346 | D:11     | Reached skill level 12 in Axes
  5624 | D:12     | Noticed Rupert
  5642 | D:12     | Corrupted D:12
  5642 | D:12     | Noticed a tentacled starspawn
  5642 | D:12     | Noticed a large abomination
  5642 | D:12     | Noticed a tentacled starspawn
  5642 | D:12     | Noticed a thrashing horror
  5642 | D:12     | Noticed a thrashing horror
  5643 | D:12     | Noticed a thrashing horror
  5644 | D:12     | Noticed a thrashing horror
  5647 | D:12     | Noticed a tentacled starspawn
  5650 | D:12     | Killed Rupert
  5653 | D:12     | Noticed an eight-headed hydra
  5670 | D:12     | Killed an eight-headed hydra
  5672 | D:12     | Noticed a thrashing horror
  5679 | D:12     | Noticed a starcursed mass
  6025 | D:13     | Noticed a centaur warrior
  6026 | D:13     | Banished a centaur warrior
  6111 | D:13     | Noticed a centaur warrior
  6122 | D:13     | Killed a centaur warrior
  6174 | D:13     | Noticed a vault guard
  6197 | D:13     | Noticed Maud
  6275 | D:13     | Noticed a vault guard
  6275 | D:13     | Noticed a deep elf knight
  6337 | D:14     | Noticed a wizard
  6344 | D:14     | Killed a wizard
  6344 | D:14     | Reached skill level 13 in Axes
  6450 | Abyss:1  | Noticed a spatial maelstrom
  6454 | D:14     | Escaped the Abyss
  6578 | D:14     | Got an ichor-stained robe
  6586 | D:14     | Noticed a deep elf mage
  6598 | D:14     | Killed a deep elf mage
  6598 | D:14     | Reached skill level 10 in Fighting
  6623 | D:14     | Corrupted D:14
  6623 | D:14     | Noticed a spatial maelstrom
  6623 | D:14     | Noticed a green draconian
  6626 | D:14     | Noticed a lich
  6637 | D:14     | Noticed a thrashing horror
  6637 | D:14     | Noticed a tentacled starspawn
  6642 | D:14     | Found a frozen archway.
  6649 | IceCv    | Entered an ice cave
  6824 | IceCv    | Reached skill level 10 in Armour
  6824 | IceCv    | Reached XP level 12. HP: 50/106 MP: 17/17
  6864 | IceCv    | Corrupted IceCv
  6864 | IceCv    | Noticed an Executioner
  6864 | IceCv    | Noticed a bone dragon
  6864 | IceCv    | Noticed a tentacled starspawn
  6865 | IceCv    | Noticed a yellow draconian
  6866 | IceCv    | Noticed an ironheart preserver
  6867 | IceCv    | Noticed a tentacled starspawn
  6871 | IceCv    | Noticed a starcursed mass
  6873 | IceCv    | Noticed a tentacled starspawn
  6955 | IceCv    | Noticed a tentacled starspawn
  7021 | IceCv    | Identified the +1 robe "Syrebu" {Dex+2} (You took it off an orc on level 14 of the Dungeon)
  7197 | D:14     | Noticed a tentacled starspawn
  7297 | D:14     | Reached skill level 14 in Axes
  7358 | D:15     | Entered Level 15 of the Dungeon
  7388 | D:13     | Found Ukyvyam's Food Boutique.
  7439 | D:13     | Found a glowing golden altar of the Shining One.
  7576 | D:14     | Noticed a centaur warrior
  7579 | D:14     | Killed a centaur warrior
  7672 | D:15     | Gained mutation: Your mind is acute. (Int +2) [potion of beneficial mutation]
  8016 | D:15     | Noticed a centaur warrior
  8034 | D:15     | Noticed a tengu warrior
  8047 | D:15     | Killed a tengu warrior
  8104 | D:15     | Killed a centaur warrior
  8104 | D:15     | Reached skill level 15 in Axes
  8249 | D:15     | Reached XP level 13. HP: 68/116 MP: 19/19
  8352 | D:15     | Reached skill level 10 in Invocations
  8549 | D:15     | GU
  8551 | D:15     | LAGGGY
  8553 | D:15     | Noticed a fire dragon
  8554 | D:15     | Banished a fire dragon
  8577 | D:15     | Found a staircase to the Depths.
  8810 | Orc:1    | Entered Level 1 of the Orcish Mines
  8810 | Orc:1    | Noticed Maurice
  8811 | Orc:1    | Noticed Maurice
  8811 | Orc:1    | Maurice changed into Maurice the blink frog
  8814 | Orc:1    | Noticed Urug
  8816 | Orc:1    | Killed Maurice the blink frog
  8828 | Orc:1    | Killed Urug
  8837 | Orc:1    | Identified a scroll of acquirement
  8841 | Orc:1    | :(
  8880 | Orc:1    | Noticed Erica
  8899 | Orc:1    | Killed Erica
  9017 | Orc:1    | Reached skill level 16 in Axes
  9127 | Orc:2    | Entered Level 2 of the Orcish Mines
  9968 | Orc:2    | Found Ewky's Gadget Shoppe.
  9968 | Orc:2    | Found Tafeif's General Store.
  9981 | Orc:2    | Found Beffizuc's General Store.
  9981 | Orc:2    | Found Roby's Food Shoppe.
  9992 | Orc:2    | Bought a wand of teleportation (2/9) for 234 gold pieces
  9992 | Orc:2    | Bought a wand of digging (15/24) for 494 gold pieces
 10001 | Orc:2    | Bought a potion of experience for 700 gold pieces
 10001 | Orc:2    | Reached skill level 17 in Axes
 10001 | Orc:2    | Reached XP level 14. HP: 86/129 MP: 21/21
 10003 | Orc:2    | Bought a scroll of magic mapping for 38 gold pieces
 10003 | Orc:2    | Bought a scroll of identify for 22 gold pieces
 10003 | Orc:2    | Bought a scroll of identify for 22 gold pieces
 10188 | Orc:2    | Found a roughly hewn altar of Beogh.
 10262 | Orc:2    | Found a staircase to the Elven Halls.
 10382 | D:8      | Found a staircase to the Lair.
 10391 | Lair:1   | Entered Level 1 of the Lair of Beasts
 10446 | Lair:1   | Reached XP level 15. HP: 125/135 MP: 22/22
 10706 | Lair:2   | Learned a level 1 spell: Apportation
 10866 | Lair:2   | Reached ****** piety under Lugonu
 11236 | Lair:4   | Found a dark tunnel.
 11241 | Volcano  | Entered a volcano
 11327 | Volcano  | Found a burning altar of Makhleb.
 11571 | Lair:4   | Found a staircase to the Swamp.
 11582 | Lair:4   | Reached skill level 18 in Axes
 12949 | Lair:8   | Entered Level 8 of the Lair of Beasts
 13193 | Lair:8   | Found a burning altar of Makhleb.
 13244 | Lair:8   | Reached skill level 19 in Axes
 13301 | Lair:8   | Found a gateway to Hell.
 13312 | Lair:8   | Identified a +5 rod of inaccuracy (10/10) (You found it on level 8 of the Lair of Beasts)
 13488 | Lair:8   | Reached XP level 16. HP: 61/146 MP: 22/24
 14205 | Elf:1    | Entered Level 1 of the Elven Halls
 14248 | Elf:1    | jacquesderrida: DAYNE MAYNE
 14356 | Elf:1    | 4thArraOfDagon: DAGE
 14356 | Elf:1    | 4thArraOfDagon: JAGE
 14356 | Elf:1    | 4thArraOfDagon: HAI
 14366 | Elf:1    | jacquesderrida: HAI
 14369 | Elf:1    | NOPE: hej
 14371 | Elf:1    | jacquesderrida: Where is blarx
 14381 | Elf:1    | jacquesderrida: I have a present for him
 14396 | Orc:2    | jacquesderrida: http://www.youtube.com/watch?v=RJ1w2QhjuHA&
 14397 | Orc:2    | jacquesderrida: send him with my regards
 14451 | Orc:2    | NOPE: time to work
 14451 | Orc:2    | NOPE: GOOD BYE EUROPEANS
 14451 | Orc:2    | 4thArraOfDagon: message sent
 14510 | Elf:1    | Reached skill level 1 in Evocations
 14563 | Elf:1    | jacquesderrida: buy nop...
 14774 | Elf:1    | Identified the Tome of Attacks (You found it on level 1 of the Elven Halls)
 14818 | Elf:1    | Lost mutation: Your spells are a little harder to cast, but a little more powerful. [potion of mutation]
 14818 | Elf:1    | Gained mutation: You are resistant to electric shocks. [potion of mutation]
 14933 | Elf:2    | Found a deep blue altar of Sif Muna.
 14968 | Elf:1    | Cast into level 2 of the Abyss (a deep elf demonologist)
 14983 | Abyss:2  | Turgon: Hey
 14983 | Abyss:2  | O no
 14991 | Abyss:2  | Found a corrupted altar of Lugonu.
 14999 | Abyss:2  | 4thArraOfDagon: heyyy
 14999 | Abyss:2  | jacquesderrida: Hey
 15032 | Abyss:2  | Turgon: I meant: hey, why abyss?
 15045 | Abyss:2  | jacquesderrida: Hey
 15050 | Abyss:2  | Turgon: But exit already there
 15056 | Elf:1    | Escaped the Abyss
 15057 | Elf:1    | Noticed Azrael
 15057 | Elf:1    | jacquesderrida: Hey
 15057 | Elf:1    | jacquesderrida: I mean Yes
 15057 | Elf:1    | Turgon: That was fast
 15066 | Elf:1    | Killed Azrael
 15067 | Elf:1    | Reached skill level 20 in Axes
 15128 | Elf:1    | Reached skill level 15 in Armour
 15380 | Elf:3    | Entered Level 3 of the Elven Halls
 15390 | Elf:3    | Found Pirhupuff's Armour Shoppe.
 15476 | Elf:3    | Found a flickering gateway to a bazaar.
 15492 | Elf:3    | Found Watt's Weapon Emporium.
 15613 | Bazaar   | Entered a bazaar
 15613 | Bazaar   | Found Uganacek's Jewellery Emporium.
 15613 | Bazaar   | Found Hejavo's General Store.
 15616 | Bazaar   | jacquesderrida: bozer
 15631 | Bazaar   | Found Riokueta's Distillery.
 15639 | Bazaar   | jacquesderrida: It's time to borzar
 15642 | Bazaar   | Found Tadumelu's Antique Weapon Shoppe.
 15650 | Bazaar   | Found Jekkouc's Antique Armour Shoppe.
 15658 | Bazaar   | Bought a runed cloak for 117 gold pieces
 15658 | Bazaar   | Bought a pair of embroidered boots for 117 gold pieces
 15676 | Bazaar   | Identified a +1 pair of boots of running (You bought it in a shop in a bazaar)
 15681 | Bazaar   | jacquesderrida: ranner
 15716 | Bazaar   | Bought a potion of haste for 120 gold pieces
 15716 | Bazaar   | Bought a potion of might for 48 gold pieces
 15727 | Bazaar   | Bought a scroll of identify for 28 gold pieces
 15735 | Bazaar   | Bought an uncursed ring of resist corrosion for 380 gold pieces
 15786 | Elf:3    | Reached skill level 15 in Fighting
 15869 | Elf:3    | Corrupted Elf:3
 15869 | Elf:3    | Noticed a tentacled starspawn
 15871 | Elf:3    | Noticed a tentacled starspawn
 15880 | Elf:3    | Killed a deep elf blademaster
 15894 | Elf:3    | Killed a deep elf master archer
 15899 | Elf:3    | Killed a deep elf master archer
 15901 | Elf:3    | Killed a deep elf blademaster
 15987 | Elf:3    | Got a bloodstained chain mail
 16001 | Elf:3    | Identified the +6 chain mail of the Albatross {Regen+ Str+2 SInv} (You found it on level 3 of the Elven Halls)
 16011 | Elf:3    | Got a smoking morningstar
 16032 | Elf:3    | Cast into level 3 of the Abyss (a deep elf sorcerer)
 16046 | Abyss:3  | Found a shadowy altar of Dithmenos.
 16056 | Abyss:3  | Turgon: !
 16061 | Abyss:3  | Turgon: again
 16071 | Elf:3    | Escaped the Abyss
 16100 | Elf:3    | Identified the +6 morningstar of the Forgotten Runes {crush, +Rage rPois Str-4 Int-3} (You found it on level 3 of the Elven Halls)
 16110 | Elf:3    | Got a transparent silver ring
 16111 | Elf:3    | Identified the ring of Peppies {rPois rN+ Str+4 Int-4 Stlth+} (You found it on level 3 of the Elven Halls)
 16153 | Elf:3    | Got a translucent tin ring
 16154 | Elf:3    | Identified the ring "Owesamep" {rCorr rElec rPois Int+3} (You found it on level 3 of the Elven Halls)
 16202 | Elf:3    | Reached XP level 17. HP: 150/156 MP: 25/25
 16206 | Elf:3    | Got a scorched copper ring
 16207 | Elf:3    | Identified the ring "Rigos" {rElec rPois rF- MR+++ Int+3} (You found it on level 3 of the Elven Halls)
 16223 | Elf:3    | Got a fine lead ring
 16225 | Elf:3    | Identified the ring "Derun" {rPois Int+4} (You found it on level 3 of the Elven Halls)
 16230 | Elf:3    | Identified the Catalogue of Helpful Execration
 16299 | Elf:3    | Got a warped scale mail
 16310 | Elf:3    | Identified the cursed +1 scale mail of Grace {*Confuse Int+4} (You found it on level 3 of the Elven Halls)
 16554 | Swamp:1  | Entered Level 1 of the Swamp
 16626 | Swamp:2  | Got a jewelled buckler
 16704 | Swamp:2  | 4thArraOfDagon: laggggg
 16809 | Swamp:2  | Noticed Aizul
 16816 | Swamp:2  | Killed Aizul
 16900 | Swamp:3  | Identified the +1 buckler of Claustrophobia {Str+2} (You found it on level 2 of the Swamp)
 16926 | Swamp:4  | Entered Level 4 of the Swamp
 17042 | Swamp:4  | Noticed a bone dragon
 17046 | Swamp:4  | Reached skill level 21 in Axes
 17069 | Swamp:4  | Killed a bone dragon
 17089 | Swamp:4  | jacquesderrida: i sory
 17206 | Swamp:4  | Got a decaying rune of Zot
 17509 | Lair:6   | Found a hole to the Spider Nest.
 17532 | Spider:1 | Entered Level 1 of the Spider Nest
 17535 | Spider:1 | Noticed Frances
 17541 | Spider:1 | Killed Frances
 17974 | Spider:4 | Entered Level 4 of the Spider Nest
 18201 | Spider:4 | Got a scintillating ruby amulet
 18203 | Spider:4 | Identified the amulet "Umifucir" {RegenMP Str+4 Int+5} (You found it on level 4 of the Spider Nest)
 18287 | Spider:4 | Reached skill level 22 in Axes
 18420 | Spider:4 | Reached XP level 18. HP: 155/167 MP: 26/26
 18459 | Spider:4 | jacquesderrida: DRAGON
 18492 | Spider:4 | Got a gossamer rune of Zot
 18636 | Lair:6   | Found a staircase to the Slime Pits.
 18645 | Slime:1  | Entered Level 1 of the Pits of Slime
 18935 | Slime:5  | Noticed Dissolution
 18950 | Slime:4  | Killed Dissolution
 18950 | Slime:4  | Reached skill level 23 in Axes
 19016 | Slime:6  | Entered Level 6 of the Pits of Slime
 19179 | Slime:6  | Noticed the Royal Jelly
 19192 | Slime:6  | Killed the Royal Jelly
 19199 | Slime:6  | jacquesderrida: DANG!
 19543 | Slime:6  | Reached XP level 19. HP: 136/176 MP: 27/27
 19585 | Slime:6  | Got a slimy rune of Zot
 19589 | Slime:6  | Got an iridescent war axe
 19591 | Slime:6  | Identified the cursed +0 war axe of Jymem {freeze, *Rage rPois rC++ Int-4} (You found it on level 6 of the Pits of Slime)
 19595 | Slime:6  | Identified Sif Muna's Reference Book on Stones (You found it on level 6 of the Pits of Slime)
 19650 | Slime:6  | Got a warped golden amulet
 19679 | Slime:6  | Identified the amulet "Vaiqixku" {Faith rC+ Int+4} (You found it on level 6 of the Pits of Slime)
 19682 | Slime:6  | Got a vibrating tin amulet
 19683 | Slime:6  | Identified the amulet "Xitothi" {RegenMP rN+ Dex+5} (You found it on level 6 of the Pits of Slime)
 19736 | Slime:6  | Got a warped iron ring
 19739 | Slime:6  | Identified the ring of Iczinlon {SustAt +Inv MR+++ Dex-4 SInv} (You found it on level 6 of the Pits of Slime)
 19740 | Slime:6  | jacquesderrida: Jelly was watching you changing
 19742 | Slime:6  | jacquesderrida: Through the windows
 19754 | Slime:6  | jacquesderrida: It quivered in excitement, mayne
 20070 | D:9      | jacquesderrida: SHAINER
 20192 | D:13     | Fell from the grace of Lugonu
 20192 | D:13     | Became a worshipper of the Shining One
 20202 | D:13     | WILKOMEN
 20240 | D:13     | Killed Maud
 20260 | D:13     | jacquesderrida: WELCOME TO HI
 20309 | D:13     | Found a gate to the Vaults.
 20315 | D:13     | Reached skill level 1 in Translocations
 20320 | Vaults:1 | Entered Level 1 of the Vaults
 20664 | Vaults:1 | Reached * piety under the Shining One
 20708 | Vaults:1 | Reached skill level 1 in Spellcasting
 20715 | Vaults:1 | Reached skill level 24 in Axes
 20808 | Vaults:2 | jacquesderrida: CRACKLER
 20809 | Vaults:2 | 4thArraOfDagon: KRAK
 20814 | Vaults:2 | jacquesderrida: ARKANE
 21000 | Vaults:2 | Reached ** piety under the Shining One
 21057 | Vaults:2 | jacquesderrida: lugoner engry
 21077 | Vaults:2 | Found Fayggaa's Weapon Emporium.
 21083 | Vaults:2 | Noticed Mennas
 21098 | Vaults:2 | jacquesderrida: MENTOSSSS
 21102 | Vaults:2 | Found a magical portal.
 21107 | WizLab   | Entered Iskenderun's Mystic Tower
 21117 | WizLab   | jacquesderrida: bed arkane
 21478 | WizLab   | Identified the Compendium of the Undertaker
 21480 | WizLab   | Identified Kurph's Second Course in Wizardry (You found it in a wizard's laboratory)
 21486 | WizLab   | Learned a level 4 spell: Passage of Golubria
 21492 | WizLab   | Reached *** piety under the Shining One
 21500 | WizLab   | Identified Iskenderun's Catalogue of Arcane Weapons
 21502 | WizLab   | Identified Iskenderun's Compendium of Battle Magic (You found it in a wizard's laboratory)
 21532 | WizLab   | jacquesderrida: deng meng
 21539 | WizLab   | jacquesderrida: too much arkane
 21717 | Vaults:3 | Reached skill level 10 in Dodging
 21895 | Vaults:2 | Reached **** piety under the Shining One
 21905 | Vaults:2 | Reached XP level 20. HP: 187/187 MP: 28/28
 21940 | Vaults:2 | Found a staircase to the Crypt.
 22039 | Crypt:1  | Entered Level 1 of the Crypt
 22096 | Crypt:1  | Noticed Xtahua
 22128 | Crypt:1  | Reached ***** piety under the Shining One
 22131 | Crypt:1  | Noticed Margery
 22176 | Crypt:3  | Entered Level 3 of the Crypt
 22227 | Crypt:1  | Reached skill level 5 in Translocations
 22300 | Crypt:3  | Reached ****** piety under the Shining One
 22416 | Crypt:3  | Got a flickering iron ring
 22417 | Crypt:3  | Identified the ring of Buisohush {rC- rN+ Str+3 Dex+5} (You found it on level 3 of the Crypt)
 22419 | Crypt:3  | Got a heavily runed jade ring
 22420 | Crypt:3  | Identified the ring "Fuss" {rElec rN+ MP+9} (You found it on level 3 of the Crypt)
 22422 | Crypt:3  | jacquesderrida: FUSS
 22422 | Crypt:3  | Got a flickering jade ring
 22423 | Crypt:3  | Identified the ring of Ruaskene {rN+ Str+3} (You found it on level 3 of the Crypt)
 22471 | Crypt:3  | Identified a +9 battleaxe of holy wrath (a +9 battleaxe of flaming blessed by the Shining One)
 22471 | Crypt:3  | Received a gift from the Shining One
 22490 | Crypt:3  | jacquesderrida: dayne mayne
 22499 | Crypt:3  | jacquesderrida: u holi
 22626 | Crypt:3  | Found a basalt altar of Yredelemnul.
 22626 | Crypt:3  | Noticed an ancient lich
 22639 | Crypt:3  | Killed an ancient lich
 22744 | Crypt:3  | Reached skill level 25 in Axes
 22830 | Crypt:3  | Noticed a bone dragon
 22849 | Crypt:3  | Killed a bone dragon
 22875 | Crypt:3  | Found a staircase to the Tomb.
 22903 | Tomb:1   | Entered Level 1 of the Tomb of the Ancients
 23086 | Tomb:1   | Learned a level 2 spell: Repel Missiles
 23089 | Tomb:1   | Learned a level 2 spell: Swiftness
 23247 | Tomb:1   | Noticed a greater mummy
 23248 | Tomb:1   | Reached skill level 1 in Charms
 23248 | Tomb:1   | Reached skill level 1 in Air Magic
 23248 | Tomb:1   | Reached XP level 21. HP: 129/195 MP: 29/29
 23253 | Tomb:1   | Noticed a greater mummy
 23253 | Tomb:1   | Noticed a greater mummy
 23253 | Tomb:1   | Noticed a greater mummy
 23255 | Tomb:1   | Noticed a greater mummy
 23264 | Tomb:2   | Killed a greater mummy
 23361 | Tomb:3   | Entered Level 3 of the Tomb of the Ancients
 23456 | Tomb:2   | HP: 5/195 [bennu (13)]
 23463 | Tomb:2   | jacquesderrida: DAAAAAAAAAAAANE
 23514 | Tomb:3   | Noticed a greater mummy
 23516 | Tomb:3   | Noticed a greater mummy
 23517 | Tomb:3   | Noticed a greater mummy
 23519 | Tomb:3   | Noticed a greater mummy
 23520 | Tomb:3   | Noticed a greater mummy
 23521 | Tomb:3   | Noticed a greater mummy
 23521 | Tomb:3   | The Shining One protects you from harm!
 23521 | Tomb:3   | Slain by a greater mummy

Vault maps used:
D:1:      erik_arrival_gehennom, grunt_decor_one_mirror,
          minmay_misc_feat_ornament, wad_floor_pattern_untrapped
D:2:      overflow_temple_1_default
D:3:      lightli_sewer_entry_pipes, trog_hazing_becter
D:4:      lemuel_crystal_altar, first_bread, minivault_5,
          corexii_leaking_fountain
D:5:      lemuel_round_altar, gammafunk_temple_overflow_statue,
          amalloy_card_club, uniq_edmund
D:6:      grunt_temple_overflow_order_and_chaos_1, minmay_temple_entry_glass
D:7:      lemuel_crystal_altar, uniq_menkaure
D:8:      lair_0_dummy, hangedman_ranch, kennysheep_generic_room_13
D:9:      orc_0_dummy
D:12:     kennysheep_another_room, spider_trap, uniq_rupert
D:13:     grunt_vaults_entry_fortified, serial_shops, nicolae_shop_waterfront,
          nicolae_tso_swordbearing_angel, uniq_maud
D:14:     portal_ice_cave_entry_horrid_things
D:15:     grunt_enter_depths_hoard, serial_bayou_shore_a
Lair:1:   beast_lair_carwin_large_3
Lair:3:   ice2_lemuel, grunt_megastairs_4, lemuel_fruit_fields
Lair:4:   dpeg_oklob_gauntlet, swamp_mist, nicolae_volcano_entry_s_turn,
          lemuel_fruit_fields
Lair:5:   kennysheep_abandoned_house, grunt_megastairs_2, lemuel_fruit_tree,
          infiniplex_staircase_pool, serial_bayou_shore_b
Lair:6:   spider_nest_entry_funnel_web, slime_dummy
Lair:7:   serial_bayou_shore_b
Lair:8:   evil_forest
Swamp:1:  nicolae_swamp_very_dense_foliage
Swamp:2:  serial_swamp_ruin, evilmike_swamp_ruin_house_2,
          evilmike_swamp_ruin_house_5, uniq_aizul, uniq_donald
Swamp:3:  evilmike_swamp_ruin_house_1
Swamp:4:  swamp_pestilence
Spider:1: hangedman_spider_trapstep, uniq_josephine, uniq_frances
Spider:2: nicolae_spider_ant_collections
Spider:3: nicolae_spider_webs_and_nodes
Spider:4: spider_rune_water, spider_trap, worms_lemuel
Slime:1:  cheibrodos_slime_lost_civilization_3
Slime:5:  dissolution_awaits
Orc:1:    uniq_maurice, uniq_erica, uniq_urug
Orc:2:    st_orc_pillars, basic_altar
Elf:1:    serial_shops, shop, minmay_elf_sorcery, minivault_16, uniq_azrael
Elf:2:    basic_altar, kb_rosetta, uniq_roxanne
Elf:3:    minmay_elf_hall_spiked, serial_shops, bzr_entry_lakeside,
          nicolae_shop_window_shopping, nicolae_shop_waterfront,
          einodemon_crawler_minivault
Vaults:1: hangedman_vaults_trim, hangedman_vaults_slice,
          ontoclasm_vaults_ligature, st_diamondy, v_misc_33,
          ontoclasm_vaults_idyll, vaults_room_door_ring
Vaults:2: nicolae_vaults_theta, v_rooms_4,
          vaults_standard_mumra_enter_the_diamond, v_misc_29,
          nicolae_vaults_shelves_hall, v_misc_18, v_misc_1, v_alt_pattern_2,
          minmay_crypt_entry_simple_sparse, v_misc_8,
          nicolae_vaults_little_squares_3, nicolae_vaults_little_squares_2,
          grunt_vaults_focal, nicolae_vaults_big_angled_halls, serial_shops,
          shop, mu_enter_wizlab_2, uniq_mennas, uniq_asterion
Vaults:3: grunt_vaults_funnel, vaults_room_corners,
          nicolae_vaults_diagonal_hallway_8, hangedman_vaults_slither,
          nicolae_vaults_gold_heap, v_misc_18, vaults_room_door_hall,
          hangedman_vaults_snaps
Crypt:1:  uniq_xtahua, uniq_margery
Crypt:2:  corner_web_ring
Crypt:3:  cryptofortress_bobbens
Tomb:2:   uniq_frederick
Tomb:3:   uniq_jorgrun
Abyss:2:  evilmike_abyss_exit_6
Abyss:3:  abyss_rune_water_cross
Bazaar:   bazaar_lake
Sewer:    sewer_frog_island_02
IceCv:    ice_cave_tombish
Volcano:  volcano_lake
WizLab:   wizlab_iskenderun

Skill      XL: |  1  2  3  4  5  6  7  8  9 10 11 12 13 14 15 16 17 18 19 20 21 |
---------------+----------------------------------------------------------------+-----
Invocations    | 2 3 4 5 6 7 8 9 11 12 13 | 13.2
Axes           | 3 4 5 6 8 10 11 13 15 17 19 20 22 23 24 25 | 25.6
Armour         | 3 4 5 6 7 8 10 11 13 14 15 16 17 18 19 | 19.2
Dodging        | 2 3 4 5 6 7 8 10 11 | 11.7
Fighting       | 4 5 6 7 8 10 11 13 14 15 16 17 18 19 | 19.1
Evocations     | 3 4 |  4.0
Translocations | 4 5 |  5.0
Spellcasting   | 2 |  2.7
Charms         | 1 2 |  2.4
Air Magic      | 1 2 |  2.8

Action                   |  1- 3 |  4- 6 |  7- 9 | 10-12 | 13-15 | 16-18 | 19-21 || total
-------------------------+-------+-------+-------+-------+-------+-------+-------++-------
Melee: Hand axe          |    87 |   204 |   229 |       |       |       |       ||   520
       Battleaxe         |       |       |    82 |   648 |   902 |  1196 |   891 ||  3719
       Falchion          |       |       |     8 |       |       |       |       ||     8
Throw: Throwing net      |     2 |       |       |     3 |     2 |       |       ||     7
       Tomahawk          |       |     5 |     4 |       |       |       |       ||     9
Invok: Depart the Abyss  |     1 |       |       |     1 |       |     1 |       ||     3
       Banish            |       |       |     1 |     3 |     9 |    12 |       ||    25
       Corrupt           |       |       |       |     3 |       |     1 |       ||     4
       Bend Space        |       |       |       |     1 |       |       |       ||     1
       Enter the Abyss   |       |       |       |     1 |       |       |       ||     1
       Cleansing Flame   |       |       |       |       |       |       |     8 ||     8
       Divine Shield     |       |       |       |       |       |       |     1 ||     1
       Brand Weapon With |       |       |       |       |       |       |     1 ||     1
       Summon Divine War |       |       |       |       |       |       |     3 ||     3
Evoke: Wand              |       |       |     3 |     2 |     2 |    10 |     4 ||    21
       Deck              |       |       |       |       |       |     9 |       ||     9
  Use: Potion            |     1 |       |     1 |     3 |     4 |    11 |     4 ||    24
       Scroll            |       |       |    13 |    18 |    13 |    21 |    17 ||    82
 Stab: Sleeping          |       |     1 |       |       |       |       |       ||     1
       Held in net/web   |       |       |       |     2 |     1 |       |       ||     3
       Distracted        |       |       |       |       |       |     2 |       ||     2
  Eat: Chunk             |     1 |     4 |    11 |    22 |    16 |     8 |       ||    62
       Beef jerky        |       |       |     1 |     1 |     2 |     2 |     1 ||     7
       Pizza             |       |       |       |       |       |     7 |       ||     7
       Royal jelly       |       |       |       |       |       |     2 |     1 ||     3
       Fruit             |       |       |       |       |       |    11 |     8 ||    19
